 Dungeon Crawl Stone Soup version 0.14-a0-1613-gd720e3e (webtiles) character file.

239 PolkaDot the Vexing (level 3, 0/24 HPs)
             Began as a Vampire Enchanter on Dec 24, 2013.
             Succumbed to an adder's poison
             ... on Level 3 of the Dungeon.
             The game lasted 00:05:37 (1923 turns).

PolkaDot the Vexing (Vampire Enchanter)             Turns: 1923, Time: 00:05:37

HP   0/24        AC  3     Str  7      XL: 3   Next: 92%
MP   1/6         EV 11     Int 17      God:
Gold 174         SH  7     Dex 15      Spells:  2 memorised,  2 levels left

rFire  . . .     SeeInvis +     a - +1 dagger
rCold  . . .     Clarity  .     b - +1 robe
rNeg   + . .     Conserve .     f - +0 buckler
rPois  .         rCorr    .     (no helmet)
rElec  .         rRot     .     (no cloak)
SustAb . .       Spirit   .     (no gloves)
rMut   .         Warding  .     (no boots)
Saprov . . .     Stasis   +     p - amulet of stasis {unknown}
                                (no ring)
                                h - ring of positive energy {unknown}

@: regenerating quickly, quite poisoned, slightly resistant to hostile
enchantments, stealthy
A: fangs 3, see invisible, unbreathing
a: no special abilities


You were on level 3 of the Dungeon.
You were full.

You visited 1 branch of the dungeon, and saw 3 of its levels.

You collected 174 gold pieces.

Inventory:

Hand weapons
 a - a +1,+1 dagger (weapon)
Missiles
 d - 12 darts (quivered)
Armour
 b - a +1 robe (worn)
 f - a +0 buckler (worn)
Scrolls
 g - a scroll of noise {unknown}
 i - a scroll of enchant armour {unknown}
 k - 5 scrolls of remove curse {unknown}
 l - a scroll of teleportation {unknown}
 m - 3 scrolls of fear {unknown}
 o - a scroll of enchant weapon I {unknown}
 q - a scroll of curse jewellery {unknown}
Jewellery
 h - a ring of positive energy (left hand) {unknown}
 p - an amulet of stasis (around neck) {unknown}
Potions
 e - a potion of restore abilities {unknown}
 j - a potion of speed {unknown}
 n - a potion of heal wounds
Books
 c - a book of Maledictions

   Spells                             Type                      Level
   *Corona                            Hexes                        1
   Sure Blade                         Hexes/Charms                 2
   Ensorcelled Hibernation            Hexes/Ice                    2
   *Confuse                           Hexes                        3
   Enslavement                        Hexes                        4
   Invisibility                       Hexes                        6


   Skills:
 - Level 2.9 Short Blades
 - Level 0.7 Throwing
 - Level 2.1 Dodging
 + Level 3.4 Stealth
 - Level 2.0 Spellcasting
 * Level 5.7 Hexes


You had 2 spell levels left.
You knew the following spells:

 Your Spells              Type           Power        Failure   Level  Hunger
a - Corona                Hex            ###....      2%          1    #......
c - Confuse               Hex            ###.....     10%         3    ####...


Dungeon Overview and Level Annotations

Branches:
Dungeon (3/16)

Altars:


Innate Abilities, Weirdness & Mutations

Your natural rate of healing is unusually fast.
You have razor-sharp teeth.*
You have supernaturally acute eyesight.
You can survive without breathing.*


Message History

* * * LOW HITPOINT WARNING * * *
You feel sick.
You start resting.
* * * LOW HITPOINT WARNING * * *
You feel sick.
You start resting.
* * * LOW HITPOINT WARNING * * *
You feel sick.
You start resting.
* * * LOW HITPOINT WARNING * * *
You feel sick.
You start resting.
* * * LOW HITPOINT WARNING * * *
You feel sick.
You start resting.
* * * LOW HITPOINT WARNING * * *
You feel sick.
You feel a little better.
You start resting.
You die...

####### #.....# #..)..# ##
.#############.....#########.
.............@'...............
.........######.....#########.
.........# #.......# #.
........# #.......# ##
#.......# #.......# #.......#
#####...# .......# #####
......# .?...#


There were no monsters in sight!

Vanquished Creatures
  3 adders
  A worm (D:3)
  A giant gecko (D:1)
  An orc (D:3)
  A ball python (D:1)
  A giant cockroach (D:3)
  7 hobgoblins
  4 kobolds
  3 bats
  4 giant newts (D:1)
  2 goblins (D:1)
  2 rats
30 creatures vanquished.

Notes
Turn   | Place    | Note
--------------------------------------------------------------
     0 | D:1      | PolkaDot, the Vampire Enchanter, began the quest for the Orb.
     0 | D:1      | Reached XP level 1. HP: 13/13 MP: 3/3
   532 | D:1      | Reached XP level 2. HP: 7/19 MP: 2/4
  1302 | D:2      | Reached skill level 5 in Hexes
  1302 | D:2      | Reached XP level 3. HP: 10/24 MP: 3/6
  1689 | D:3      | Learned a level 3 spell: Confuse
  1922 | D:3      | HP: 1/24 [poisoned by an adder]
  1923 | D:3      | Succumbed to an adder's poison

Action                   || total
-------------------------++-------
Melee: Dagger            ||   152
 Cast: Corona            ||     8
       Confuse           ||     5
  Use: Potion            ||     3
 Stab: Sleeping          ||     2
       Confused          ||     2
